 Dungeon Crawl Stone Soup version 0.30-a0-297-g0ec75d9ef4 (webtiles) character file.

Game seed: 16927018533865152886

4 jackyboi08 the Trooper (level 1, -1/16 HPs)
             Began as an Octopode Fighter on Oct 18, 2022.
             Hit by a stone thrown by a kobold (2 damage)
             ... on level 1 of the Dungeon.
             The game lasted 00:02:22 (112 turns).

jackyboi08 the Trooper (Octopode Fighter)            Turns: 112, Time: 00:02:23

Health: -1/16      AC:  1    Str: 15    XL:     1   Next: 60%
Magic:  1/1        EV: 13    Int: 10    God:
Gold:   0          SH:  4    Dex: 11    Spells: 0/0 levels left

rFire   . . .      SeeInvis .    a - +0 long sword
rCold   . . .      Faith    .    b - +0 buckler
rNeg    . . .      Spirit   .    (helmet restricted)
rPois   .          Reflect  .    (no amulet)
rElec   .          Harm     .    (no ring)
rCorr   .          Rampage  .    (no ring)
Will    .....                    (no ring)
Stlth   ++........               (no ring)
HPRegen 0.22/turn                (no ring)
MPRegen 0.07/turn                (no ring)
                                 (no ring)
                                 (no ring)

@: no status effects
A: almost no armour, amphibious, 8 rings, camouflage 1, gelatinous body 1,
(nimble swimmer 1), tentacles
a: no special abilities


You were on level 1 of the Dungeon.
You visited 1 branch of the dungeon, and saw 1 of its levels.

Inventory:

Hand Weapons
 a - a +0 long sword (weapon)
 e - a +0 short sword
Armour
 b - a +0 buckler (worn)
Potions
 c - a potion of might
 d - a potion of invisibility {unknown}


   Skills:
 + Level 3.1 Fighting
 + Level 2.0 Long Blades
 + Level 3.1 Dodging
 + Level 3.0 Shields


You couldn't memorise any spells.
You didn't know any spells.
Your spell library was empty.

Dungeon Overview and Level Annotations

Branches:
Dungeon (1/15)

Altars:


Innate Abilities, Weirdness & Mutations

You cannot wear most types of armour.
You are amphibious.
You can wear up to eight rings at the same time.
Your skin changes colour to match your surroundings (Stealth+).
Your rubbery body absorbs attacks. (AC +1, EV +1)
((You are camouflaged when in or above water. (Stealth+)))
You have tentacles for arms and can constrict up to eight enemies at once.


Message History

a +0 short sword; 3 stones
Things that are here:
a +0 short sword; 3 stones
Things that are here:
a +0 short sword; 3 stones
Things that are here:
a +0 short sword; 3 stones
e - a +0 short sword
Found a stone staircase leading down.
Found a robe. 2 kobolds come into view.
The kobold shouts!
You hear a shout!
A bat comes into view.
The kobold moves out of view.
The bat moves out of view.
The kobold shouts!
You hear a shout!
A hobgoblin comes into view.
A bat comes into view.
You barely miss the kobold. Your grab misses the kobold.
Your squeeze misses the kobold. The kobold misses you.
A kobold comes into view. It is wielding a +0 short sword.
The kobold hits you with a +0 whip.
You hit the kobold.
You kill the kobold!
The bat hits you but does no damage. You block the kobold's attack.
The bat hits you.
You closely miss the bat. You grab the bat. You constrict the bat.
The bat hits you but does no damage. x2
The kobold hits you with a +0 short sword.
You block the bat's attack.
You barely miss the kobold. Your grab misses the kobold.
Your squeeze misses the kobold. You constrict the bat.
You kill the bat!
The hobgoblin hits you. You block the kobold's attack. The kobold misses you.
The hobgoblin barely misses you.
The kobold throws a stone.
The stone hits you.
The kobold hits you with a +0 short sword.
The kobold barely misses you. x2; The hobgoblin misses you.
The hobgoblin hits you.
* * * LOW HITPOINT WARNING * * *
The kobold throws a stone.
The stone hits you.
You die...

. .# #.# #.# ..
## .# #.♣ ♣.#
...##. .#
#.####♣.♣.♣##
....>.###.#
.......♣<♣...
#...#..# #♣.♣.♣
...#.....#
♣#.♣.♣.#
.....##..#
##.##.##.#
###..#)Kg###
##.#♣#.# #.
......K.@..♣
##.## #.# #
..[.......♣# #.##
##.##
....##.#...##.##
#...# ....
#.##....# ##...##
... #.
##...##♣##..♣..##
.. #.
##...♣..........
#.
#..............
#.
#..............
##....(........


You could see a hobgoblin and 2 kobolds.

Vanquished Creatures
  2 kobolds (D:1)
  A bat (D:1)
  A frilled lizard (D:1)
4 creatures vanquished.

Notes
Turn   | Place    | Note
-------+----------+-------------------------------------------
     0 | D:1      | jackyboi08 the Octopode Fighter began the quest for the
                  | Orb.
     0 | D:1      | Reached XP level 1. HP: 16/16 MP: 1/1
   112 | D:1      | Hit by a stone thrown by a kobold

Illustrated notes

Levels and vault maps discovered:
D:1:      spicycebolla_arrival_xxxplode, layout_rooms

Action                   || total
-------------------------++-------
Melee: Long sword        ||     9
       Constrict         ||     2
Armor: Skin              ||     5
Dodge: Dodged            ||    21
Block: Buckler           ||     8

Table legend: (Time is in decaauts)
 A = Elapsed time spent in this place.
 B = Non-inter-level travel time spent in this place.
 C = Inter-level travel time spent in this place.
 D = Time resting spent in this place.
 E = Time spent auto-exploring this place.
 F = Levels seen in this place.
 G = Mean time per level.
                   A        B        C        D        E       F      G
               +--------+--------+--------+--------+--------+-----+--------+
         Total |    115 |     98 |     17 |      0 |      0 |   1 |  115.0 |
       Dungeon |    115 |     98 |     17 |      0 |      0 |   1 |  115.0 |
               +--------+--------+--------+--------+--------+-----+--------+

Top non-repeatable levels by time:
     D:1: 115 daAuts
